Map: [ESL] Stargazers

Players

PureLegacy

  • Race: Terran Terran
  • Spawn Location: 1:00

Nina - Winner!

  • Race: Protoss Protoss
  • Spawn Location: 11:00

Event: DreamHack SC2 Masters 2022 Atlanta (Online)

VOD

Have the link to the VOD?

Description

Time

  • Played on: Oct. 9, 2022, 3:50 p.m.
  • Length: 6:33

All games in this series

Show
View Real Time Build Order
Export as new Build Order

PureLegacy Terran 

Build Orders: Reaper Expand, Banshee Rush 

Get SALT Encoding   

  12  0:00  SCV  
  13  0:12  SCV  
  14  0:18  Supply Depot  
  14  0:24  SCV  
  15  0:39  SCV  
  15  0:41  Barracks  
  16  0:44  Refinery  
  16  0:51  SCV  
  17  1:03  SCV  
  18  1:15  SCV  
  19  1:28  Reaper, Orbital Command  
  20  1:44  Command Center  
  20  1:51  Supply Depot  
  20  1:54  SCV  
  20  2:00  Marine  
  22  2:06  SCV  
  23  2:09  Factory  
  23  2:19  Bunker  
  23  2:21  SCV  
  24  2:23  Barracks Reactor  
  24  2:34  SCV  
  24  2:36  Refinery  
  25  2:46  SCV  
  26  2:57  Orbital Command  
  26  2:58  SCV  
  27  3:02  Starport  
  29  3:05  Hellion  
  29  3:06  Hellion  
  29  3:10  SCV  
  29  3:11  Barracks Tech Lab  
  32  3:14  Supply Depot  
  32  3:22  SCV  
  32  3:23  SCV  
  36  3:27  Hellion x2  
  38  3:34  SCV  
  38  3:35  SCV  
  38  3:37  Supply Depot  
  40  3:44  Banshee  
  40  3:46  SCV  
  40  3:47  SCV, Cloaking Field  
  45  3:58  SCV, Marine x2  
  45  3:59  SCV  
  45  4:00  Supply Depot  
  49  4:04  Factory Tech Lab  
  49  4:10  SCV  
  49  4:13  SCV  
  49  4:16  Marine x2  
  53  4:22  SCV  
  52  4:25  SCV  
  50  4:33  Marine  
  50  4:34  Supply Depot, Siege Tank, Marine  
  50  4:35  SCV  
  50  4:37  SCV  
  50  4:38  Barracks, Banshee  
  53  4:40  Barracks  
  56  4:47  SCV  
  56  4:49  SCV  
  56  4:51  Marine x2  
  60  4:55  Engineering Bay  
  60  4:59  SCV  
  61  5:00  Supply Depot, Refinery x2  
  61  5:01  SCV  
  61  5:07  Siege Tank  
  62  5:09  Marine x2  
  62  5:11  SCV  
  65  5:15  SCV  
  66  5:22  Supply Depot  
  66  5:24  SCV  
  66  5:27  SCV  
  68  5:34  Starport Reactor  
  58  5:43  SCV x2  
  58  5:48  Marine x2  
  61  5:55  SCV, Marauder x2  
  61  5:56  Command Center  
  66  6:00  SCV  
  67  6:06  Marine x2  
  69  6:13  SCV x2  
  69  6:18  Supply Depot  
  79  6:24  Barracks  
  79  6:27  Barracks  
Show
View Real Time Build Order
Export as new Build Order

Nina Protoss - Winner!

Build Orders: 1 Gate Expand, Blink Stalkers 

Get SALT Encoding   

  12  0:00  Probe  
  13  0:12  Probe  
  14  0:18  Pylon  
  14  0:24  Probe  
  15  0:36  Probe (Chrono Boost)  
  15  0:37  Gateway  
  16  0:47  Probe (Chrono Boost), Assimilator  
  17  0:52  Probe (Chrono Boost)  
  18  1:03  Probe  
  19  1:15  Probe  
  20  1:25  Cybernetics Core  
  20  1:35  Nexus  
  20  1:41  Pylon  
  20  1:44  Probe  
  21  1:50  Assimilator  
  21  1:56  Probe  
  21  1:59  Stalker (Chrono Boost)  
  22  2:04  Warp Gate  
  24  2:09  Probe  
  25  2:19  Stalker (Chrono Boost)  
  25  2:21  Probe  
  28  2:33  Probe  
  28  2:35  Twilight Council  
  29  2:46  Probe (Chrono Boost), Stalker  
  29  2:49  Probe (Chrono Boost)  
  33  2:57  Probe (Chrono Boost)  
  35  3:00  Probe (Chrono Boost)  
  35  3:02  Gateway  
  35  3:03  Probe  
  36  3:07  Blink (Chrono Boost)  
  36  3:09  Probe  
  37  3:15  Probe  
  38  3:21  Probe  
  40  3:27  Probe  
  40  3:31  Robotics Facility  
  40  3:33  Probe  
  41  3:38  Pylon  
  41  3:39  Probe  
  42  3:45  Probe  
  43  3:50  Shield Battery  
  43  3:52  Probe  
  43  3:53  Stalker  
  46  3:56  Stalker  
  46  3:58  Probe  
  46  4:01  Gateway  
  49  4:06  Probe  
  50  4:13  Probe, Gateway  
  50  4:15  Pylon  
  51  4:24  Stalker  
  49  4:34  Observer (Chrono Boost), Stalker  
  49  4:35  Probe  
  52  4:43  Probe  
  52  4:49  Warp Prism (Chrono Boost), Probe, Stalker  
  57  4:55  Probe  
  58  5:01  Probe  
  58  5:03  Pylon  
  58  5:06  Assimilator  
  59  5:07  Probe, Stalker  
  62  5:14  Shield Battery, Pylon  
  62  5:19  Pylon  
  62  5:21  Probe  
  63  5:29  Observer  
  63  5:30  Observer, Probe  
  63  5:32  Nexus  
  65  5:47  Stalker x4  
  65  5:49  Probe  
  74  5:51  Probe  
  75  6:01  Probe  
  75  6:02  Assimilator  
  75  6:03  Probe  
  77  6:12  Zealot x3  
  77  6:13  Zealot, Probe  
Tags
 
Add a new tag
Caveats
  • Supply blocks, unpowered buildings, or Contaminate may cause inaccurate times.
  • Supply counts are checked every 10 seconds.